 Dungeon Crawl Stone Soup version 0.22.0-75-g3901e7991e (webtiles) character file.

259 MaCx the Skirmisher (level 5, 0/50 HPs)
             Began as a Minotaur Berserker on Sept 12, 2018.
             Was a Believer of Trog.
             Killed from afar by an electric eel (10 damage)
             ... with a bolt of electricity
             ... on level 3 of the Dungeon.
             The game lasted 00:05:26 (3951 turns).

MaCx the Skirmisher (Minotaur Berserker)            Turns: 3951, Time: 00:05:26

Health: 0/50       AC: 10    Str: 23    XL:     5   Next: 95%
Magic:  4/4        EV:  8    Int:  4    God:    Trog [**....]
Gold:   170        SH:  0    Dex:  9    Spells: 4/4 levels left

rFire    + . .     SeeInvis .   a - +0 mace
rCold    . . .     Gourm    .   (no shield)
rNeg     . . .     Faith    .   h - +2 chain mail {rF+}
rPois    .         Spirit   .   (helmet restricted)
rElec    .         Reflect  .   (no cloak)
rCorr    .         Harm     .   (no gloves)
MR       .....                  (no boots)
Stlth    ..........             (no amulet)
HPRegen  0.16/turn              (no ring)
MPRegen  0.09/turn              (no ring)

@: no status effects
A: retaliatory headbutt, horns 2
a: Berserk, Trog's Hand, Renounce Religion


You were on level 3 of the Dungeon.
You worshipped Trog.
Trog was pleased with you.
You were very hungry.

You visited 1 branch of the dungeon, and saw 3 of its levels.

You collected 170 gold pieces.

Inventory:

Hand Weapons
 a - a +0 mace (weapon)
Armour
 b - a +0 animal skin
 h - a +2 chain mail of fire resistance (worn)
Wands
 q - a wand of flame (38)
Scrolls
 g - 2 scrolls of blinking {unknown}
 i - 3 scrolls of identify {unknown}
 j - a scroll of magic mapping {unknown}
 k - a scroll of enchant weapon {unknown}
 l - a scroll of random uselessness {unknown}
 m - a scroll of noise {unknown}
 n - 4 scrolls of teleportation {unknown}
Potions
 d - a potion of might {unknown}
 e - a potion of invisibility {unknown}
 f - 2 potions of curing {unknown}
 o - a potion of mutation {unknown}
 p - 2 potions of lignification {unknown}
 r - a potion of brilliance {unknown}
Comestibles
 c - 2 rations


   Skills:
 + Level 6.2 Fighting
 + Level 6.2 Maces & Flails
 - Level 2.4 Armour
 - Level 2.1 Dodging


You had 4 spell levels left.
You didn't know any spells.
Your spell library was empty.

Dungeon Overview and Level Annotations

Branches:
Dungeon (3/15)

Altars:

Annotations:
D:3 1 transporter


Innate Abilities, Weirdness & Mutations

You reflexively headbutt those who attack you in melee.
You have a pair of horns on your head.


Message History

p - 2 smoky brown potions (gained 1)
There is a transporter landing site here.
You can't go down here!
There is a transporter here.
You enter the transporter and appear at another place.
q - a wand of flame (38) (gained 22 charges)
You now have 170 gold pieces (gained 11).
You are feeling very hungry.
You open the door.
The electric eel shoots out a bolt of lightning at you!
The bolt of electricity hits you! x2; The bolt of electricity hits the plant.
The electric eel shoots out a bolt of lightning at you!
The bolt of electricity hits you! x2
There is an open door here.
The electric eel shoots out a bolt of lightning at you!
The bolt of electricity hits you!
* * * LOW HITPOINT WARNING * * *
The electric eel shoots out a bolt of lightning at you!
The bolt of electricity hits you!
You die...

#.###+###.#
#.#≈...≈#.#
#.#≈...≈#.#
#.#≈...≈#.#
#.#≈.⌠.≈#.#
#.#≈...≈#.#
#.#≈?..;#.#
#.#≈...;#.#
#.###@###.#
#.#P...P#.# ....#
#.#8.©.8#.# ....#
#.#######.# ....#
#....©....# ###....#
####...########.....#
#...........+.....#
#.####.....##.....##
#....+.....''.....#.


You could see 2 electric eels.

Vanquished Creatures
  An orc priest (D:3)
  2 orc wizards (D:3)
  Natasha (thrice) (D:2)
  3 adders (D:2)
  2 oozes
  A worm (D:2)
  A dart slug (D:2)
  2 leopard geckos (D:2)
  2 orcs (D:3)
  A ball python (D:1)
  A giant cockroach (D:2)
  7 goblins
  9 hobgoblins
  7 jackals
  5 bats
  A frilled lizard (D:2)
  8 kobolds
  5 rats
61 creatures vanquished.

Notes
Turn   | Place    | Note
-------+----------+-------------------------------------------
     0 | D:1      | MaCx the Minotaur Berserker began the quest for the Orb.
     0 | D:1      | Reached XP level 1. HP: 19/19 MP: 0/0
   141 | D:1      | Reached XP level 2. HP: 22/27 MP: 1/1
  1069 | D:2      | Reached XP level 3. HP: 24/34 MP: 2/2
  2049 | D:2      | Reached skill level 5 in Fighting
  2049 | D:2      | Reached skill level 5 in Maces & Flails
  2049 | D:2      | Reached XP level 4. HP: 40/42 MP: 3/3
  2050 | D:2      | Reached ** piety under Trog
  2227 | D:2      | Noticed Natasha
  2239 | D:2      | Killed Natasha
  2769 | D:2      | Noticed Natasha
  2774 | D:2      | Killed Natasha
  2774 | D:2      | Reached XP level 5. HP: 23/48 MP: 4/4
  3131 | D:2      | Noticed Natasha
  3140 | D:2      | Killed Natasha
  3882 | D:3      | Found a transporter.
  3902 | D:3      | Found a transporter.
  3951 | D:3      | Killed from afar by an electric eel

Skill      XL: |  1  2  3  4  5 |
---------------+----------------+-----
Fighting       | 4 5 6 |  6.2
Maces & Flails | 4 5 6 |  6.2
Armour         | |  2.4
Dodging        | |  2.1

Action                   |  1- 3 |  4- 6 || total
-------------------------+-------+-------++-------
Melee: Mace              |    74 |    53 ||   127
       Headbutt          |    16 |    10 ||    26
  Eat: Chunk             |     3 |     2 ||     5
       Ration            |       |     1 ||     1
Armor: Animal skin       |    14 |     8 ||    22
       Chain mail        |       |     4 ||     4
Dodge: Dodged            |    57 |    25 ||    82
